 Dungeon Crawl Stone Soup version 0.23.2-33-g5129a83184 (webtiles) character file.

Game seed: 14486324678467298038

236 lepoulpe303 the Sneak (level 5, -1/24 HPs)
             Began as a Spriggan Enchanter on July 23, 2019.
             Slain by a bullfrog (2 damage)
             ... in a sewer.
             The game lasted 00:16:18 (3472 turns).

lepoulpe303 the Sneak (Spriggan Enchanter)          Turns: 3472, Time: 00:16:18

Health: -1/24      AC:  3    Str:  4    XL:     5   Next: 77%
Magic:  2/10       EV: 18    Int: 18    God:
Gold:   65         SH:  0    Dex: 16    Spells: 0/9 levels left

rFire    . . .     SeeInvis +   a - +2 short sword (drain)
rCold    . . .     Gourm    .   (shield restricted)
rNeg     . . .     Faith    .   j - +0 robe (curse)
rPois    .         Spirit   .   (helmet restricted)
rElec    .         Reflect  .   n - +0 cloak
rCorr    .         Harm     .   (gloves unavailable)
MR       .....                  (boots unavailable)
Stlth    ++........             (no amulet)
HPRegen  0.08/turn              (no ring)
MPRegen  0.12/turn              (no ring)

@: lethally poisoned (-1 -> -9), slow
A: very small, unfitting armour, see invisible, herbivore, speed 3, slow
metabolism 2
a: no special abilities


You were in a sewer.
You were hungry.

You visited 1 branch of the dungeon, and saw 3 of its levels.
You also visited: Sewer.

You collected 65 gold pieces.

Inventory:

Hand Weapons
 a - a +2 short sword of draining (weapon)
Missiles
 p - a throwing net {=f}
 q - 2 tomahawks
 Q - 8 stones (quivered)
Armour
 b - a +0 robe
 j - a cursed +0 robe (worn)
 n - a +0 cloak (worn)
Scrolls
 g - 2 scrolls of immolation {unknown}
 h - a scroll of teleportation {unknown}
 i - 2 scrolls of amnesia {unknown}
 k - 3 scrolls of fear {unknown}
 l - 2 scrolls of fog {unknown}
 m - 2 scrolls of identify {unknown}
 t - 2 scrolls of magic mapping {unknown}
 u - a scroll of blinking {unknown}
Potions
 c - 5 potions of curing {unknown}
 d - 2 potions of degeneration {unknown}
 f - 3 potions of brilliance {unknown}
 o - a potion of agility {unknown}
 r - a potion of flight {unknown}
 s - 3 potions of magic {unknown}
Comestibles
 e - 7 rations


   Skills:
 + Level 4.5 Short Blades
 - Level 3.0 Dodging
 + Level 7.8 Stealth
 - Level 2.6 Spellcasting
 - Level 3.6 Hexes


You couldn't memorise any spells.
You knew the following spells:

 Your Spells              Type           Power        Failure   Level  Hunger
a - Ensorcelled Hibernat  Hex/Ice        #.....       12%         2    ##.....
b - Tukima's Dance        Hex            ###.....     12%         3    ###....
c - Confuse               Hex            ###.....     12%         3    ###....
v - Corona                Hex            ###....      3%          1    #......

Your spell library contained the following spells:

 Spells                   Type           Power        Failure   Level  Hunger
 Dazzling Spray           Conj/Hex       #.....       24%         3    ###....


Dungeon Overview and Level Annotations

Branches:
Dungeon (3/15)

Altars:
Ashenzari
Elyvilon
Vehumet


Innate Abilities, Weirdness & Mutations

You are very small and have problems with some larger weapons.
You are too small for most types of armour.
You have supernaturally acute eyesight. (SInv)
You are a herbivore.
You cover ground extremely quickly.
You need to consume almost no food.


Message History

The ball python loses its grip on you. The adder bites you.
* * * LOW HITPOINT WARNING * * *
You are poisoned.
The adder poisons you!
You take 2 damage, and have 6/24 hp.
You now have 2/10 mp.
Your unstable footing causes you to fumble your attack.
You feel sick. The adder closely misses you. x2
The ball python barely misses you. The ball python grabs you.
The ball python constricts you.
The bullfrog gives a loud, deep croak!
You take 1 damage, and have 5/24 hp.
You escape the ball python's grasp.
The adder bites you.
* * * LOW HITPOINT WARNING * * *
The bullfrog completely misses you. The bullfrog barely misses you.
The adder bites you.
* * * LOW HITPOINT WARNING * * *
You are more poisoned.
The adder poisons you! The bullfrog hits you.
You die...

#.......#........†#
#......##'##......##
......###..##......#
.....## #..##......#
≈≈≈≈≈≈# #####≈≈≈≈≈≈#
≈≈≈†≈≈# #≈≈≈≈≈≈#
≈≈≈≈≈≈# #≈≈≈≈≈≈#
≈≈≈≈≈≈# #≈≈≈≈F≈#
≈≈≈≈÷≈# #≈≈≈@S≈#
≈....≈# #≈≈SF#≈#
..)[.≈# #≈lS#l≈#
#....≈# #≈≈≈≈.≈#
≈≈≈≈≈≈# #≈≈≈F.≈#
≈≈≈≈≈≈# #≈≈≈#≈≈#
≈≈≈≈†≈# #≈≈≈†#≈#
≈≈≈≈≈≈# #≈≈≈≈≈≈#
≈≈≈≈≈≈# #≈≈≈≈≈≈#


You could see 2 bullfrogs, 2 adders, a ball python and 2 frilled lizards.

Levels and vault maps discovered:
D:1:      evilmike_arrival_plus, layout_rooms
D:2:      layout_basic, nicolae_ashenzari_panopticon, vehumet_crystals,
          small_statue_intersection, uniq_crazy_yiuf_cottage
D:3:      layout_basic, lemuel_doored_altar, portal_sewer_entry_f, first_ration
Sewer:    sewer_minmay_w

Notes
Turn   | Place    | Note
-------+----------+-------------------------------------------
     0 | D:1      | lepoulpe303 the Spriggan Enchanter began the quest for the
                  | Orb.
     0 | D:1      | Reached XP level 1. HP: 9/9 MP: 5/5
    22 | D:1      | Identified a cursed -2 club
    79 | D:1      | Identified a +0 dagger
    92 | D:1      | Reached XP level 2. HP: 12/13 MP: 4/6
    96 | D:1      | Learned a level 2 spell: Ensorcelled Hibernation
    96 | D:1      | Identified a +0 club
   110 | D:1      | Reached skill level 5 in Stealth
   122 | D:1      | Identified a +0 club
   218 | D:1      | Identified a cursed -3 club
   258 | D:1      | Reached skill level 2 in Short Blades
   817 | D:1      | Reached XP level 3. HP: 15/16 MP: 5/8
   822 | D:1      | Learned a level 3 spell: Confuse
  1027 | D:2      | Found a shattered altar of Ashenzari.
  1055 | D:2      | Identified a +0 club
  1108 | D:2      | Identified a cursed +0 robe (You found it on level 2 of the
                  | Dungeon)
  1168 | D:2      | Identified a cursed -3 club
  1171 | D:2      | Identified a +4 trident of piercing
  1171 | D:2      | Identified a +0 ring mail
  1171 | D:2      | Noticed a gnoll sergeant
  1173 | D:2      | Identified a +0 spear
  1304 | D:2      | Identified a +0 short sword
  1349 | D:2      | Found a radiant altar of Vehumet.
  1369 | D:2      | Reached skill level 6 in Stealth
  1497 | D:2      | Reached skill level 3 in Short Blades
  1511 | D:2      | HP: 2/16 [rat (3)]
  1903 | D:2      | Reached XP level 4. HP: 21/21 MP: 3/9
  1966 | D:2      | Found a runed translucent door.
  1967 | D:2      | Identified a +3 quarterstaff of chaos
  1967 | D:2      | Identified a +0 cloak
  1967 | D:2      | Noticed Crazy Yiuf
  1974 | D:2      | Killed Crazy Yiuf
  2018 | D:2      | Identified a +0 dagger
  2181 | D:2      | Identified a +2 short sword of draining
  2550 | D:3      | Found a white marble altar of Elyvilon.
  2550 | D:3      | Identified a +0 dagger
  2550 | D:3      | Identified a +0 leather armour
  2567 | D:3      | Identified a cursed -3 short sword
  2567 | D:3      | Identified a +0 leather armour
  2595 | D:3      | Identified a +0 flail
  2598 | D:3      | Found a glowing drain.
  2682 | Sewer    | Entered a sewer
  2747 | Sewer    | Reached skill level 7 in Stealth
  2751 | Sewer    | Reached XP level 5. HP: 24/24 MP: 10/10
  2760 | Sewer    | Learned a level 3 spell: Tukima's Dance
  2826 | Sewer    | Reached skill level 4 in Short Blades
  2902 | Sewer    | HP: 6/24 [poisoned by an adder]
  2923 | Sewer    | HP: 6/24 [ball python (1)]
  3470 | Sewer    | HP: 6/24 [adder (3)]
  3472 | Sewer    | HP: 2/24 [adder (3)]
  3472 | Sewer    | Slain by a bullfrog

Table legend:
 A = Turns spent in this place as a percentage of turns spent in the entire game.
 B = Non-inter-level travel turns spent in this place as a percentage of non-inter-level travel turns spent in the entire game.
 C = Inter-level travel turns spent in this place as a percentage of turns spent in this place.
 D = Turns resting spent in this place as a percentage of non-inter-level travel turns spent in this place.
 E = Turns spent auto-exploring this place as a percentage of non-inter-level travel turns spent in this place.
 F = Non-inter-level travel turns spent in this place divided by the number of levels of this place that you've seen.
                   A       B       C       D       E      F
               +-------+-------+-------+-------+-------+----------------------
         Total | 100.0 | 100.0 |   3.1 |  36.1 |  32.8 | 841.5
       Dungeon |  77.2 |  76.5 |   4.0 |  34.8 |  39.6 | 858.7
         Sewer |  22.8 |  23.5 |   0.0 |  40.5 |  10.8 | 790.0
               +-------+-------+-------+-------+-------+----------------------

Table legend:
 A = Kills in this place as a percentage of kills in entire the game.
 B = Kills by you in this place as a percentage of kills by you in the entire game.
 C = Kills by friends in this place as a percentage of kills by friends in the entire game.
 D = Other kills in this place as a percentage of other kills in the entire game.
 E = Experience gained in this place as a percentage of experience gained in the entire game.
 F = Experience gained in this place divided by the number of levels of this place that you have seen.
                   A       B       C       D       E      F
               +-------+-------+-------+-------+-------+----------------------
         Total | 100.0 | 100.0 |   N/A | 100.0 | 100.0 |  84.5
       Dungeon |  57.3 |  57.9 |   N/A |   0.0 |  56.5 |  63.7
         Sewer |  42.7 |  42.1 |   N/A | 100.0 |  43.5 | 147.0
               +-------+-------+-------+-------+-------+----------------------

Skill      XL: |  1  2  3  4  5 |
---------------+----------------+-----
Stealth        | 5 6 7 |  7.8
Short Blades   | 2 3 4 |  4.5
Dodging        | |  3.0
Spellcasting   | |  2.6
Hexes          | |  3.6

Action                   |  1- 3 |  4- 6 || total
-------------------------+-------+-------++-------
Melee: Dagger            |   117 |       ||   117
       Short sword       |    36 |   169 ||   205
 Cast: Corona            |     7 |       ||     7
       Ensorcelled Hiber |     9 |    11 ||    20
       Confuse           |     2 |     2 ||     4
 Stab: Sleeping          |    14 |    11 ||    25
       Distracted        |     2 |     1 ||     3
       Confused          |     1 |     1 ||     2
  Eat: Ration            |       |     1 ||     1
Armor: Robe              |    10 |    13 ||    23
Dodge: Dodged            |   100 |   162 ||   262

Vanquished Creatures
  Crazy Yiuf (D:2)
  A gnoll (D:2)
  4 adders
  6 river rats (Sewer)
  2 worms (D:2)
  4 dart slugs
  3 leopard geckos
  5 orcs (D:3)
  10 ball pythons (Sewer)
  4 bats
  6 giant cockroaches
  4 goblins
  6 hobgoblins
  4 jackals
  4 frilled lizards
  4 kobolds (D:2)
  28 rats
96 creatures vanquished.
